 Dungeon Crawl Stone Soup version 0.23-a0-831-g5da158a (console) character file.

0 Duffy the Firebug (level 1, 11/11 HPs)
             Began as an Octopode Fire Elementalist on Jan 23, 2019.
             Quit the game on level 1 of the Dungeon.
             The game lasted 00:00:09 (102 turns).

Duffy the Firebug (Octopode Fire Elementalist)       Turns: 102, Time: 00:00:10

Health: 11/11      AC:  1    Str:  7    XL:     1   Next: 10%
Magic:  3/3        EV: 13    Int: 17    God:
Gold:   16         SH:  0    Dex: 12    Spells: 3/4 levels left

rFire    . . .     SeeInvis .   b - ration
rCold    . . .     Gourm    .   (no shield)
rNeg     . . .     Faith    .   (helmet restricted)
rPois    .         Spirit   .   (no amulet)
rElec    .         Reflect  .   c - -5 ring of slaying (curse)
rCorr    .         Harm     .   (no ring)
MR       .....                  (no ring)
Stlth    +++.......             (no ring)
HPRegen  0.03/turn              (no ring)
MPRegen  0.08/turn              (no ring)
                                (no ring)
                                (no ring)

@: no status effects
A: almost no armour, stealthy swim, amphibious, 8 rings, constrict 8, camouflage
1, gelatinous body 1
a: no special abilities


You were on level 1 of the Dungeon.
You were not hungry.

You visited 1 branch of the dungeon, and saw 1 of its levels.

You collected 16 gold pieces.

Inventory:

Jewellery
 c - a cursed -5 ring of slaying (left tentacle)
Scrolls
 a - a scroll of enchant weapon {unknown}
Comestibles
 b - a ration (in tentacle)


   Skills:
 - Level 2.0 Dodging
 - Level 2.6 Stealth
 - Level 2.0 Spellcasting
 + Level 1.1 Conjurations
 - Level 3.0 Fire Magic


You had 3 spell levels left.
You knew the following spells:

 Your Spells              Type           Power        Failure   Level  Hunger
h - Flame Tongue          Conj/Fire      #....        9%          1    #......

Your spell library contained the following spells:

 Spells                   Type           Power        Failure   Level  Hunger
 Throw Flame              Conj/Fire      #.....       13%         2    ###....
 Conjure Flame            Conj/Fire      #.......     26%         3    ###....
 Inner Flame              Hex/Fire       #.......     30%         3    ###....
 Sticky Flame             Conj/Fire      #.......     63%         4    #####..
 Fireball                 Conj/Fire      #.........   93%         5    ######.


Dungeon Overview and Level Annotations

Branches:
Dungeon (1/15)

Altars:


Innate Abilities, Weirdness & Mutations

You cannot wear most types of armour.
You are very stealthy in the water. (Stealth+)
You are amphibious.
You can wear up to eight rings at the same time.
You can use your tentacles to constrict eight enemies at once.
Your skin changes colour to match your surroundings (Stealth+).
Your rubbery body absorbs attacks. (AC +1, EV +1)


Message History

You kill the rat!
Casting: Flame Tongue (safe; 9% risk of failure)
Confirm with . or Enter, or press ? or * to list all spells.
You can't see any susceptible monsters within range! (Use Z to cast anyway.)
Casting: Flame Tongue (safe; 9% risk of failure)
Confirm with . or Enter, or press ? or * to list all spells.
You can't see any susceptible monsters within range! (Use Z to cast anyway.) Magic restored.
There is an open door here.
c - a shiny onyx ring As you open the door, it creaks loudly!
There is an open door here.
A frilled lizard comes into view.
Put on which piece of jewellery? (? for menu, Esc to quit)
Oops, that ring feels deathly cold.
c - a cursed -5 ring of slaying (left tentacle) Drop what? 3/52 slots (_ for help) (? for menu, Esc to quit)
Okay, then.
Unknown command.
Are you sure you want to abandon this character and quit the game? (Confirm with "yes".)

##.....#### ##..#
##.......## ....
#.........# ....
+.........+ #..
##........)# ...
.###.......##
###.##..l###.....##
#........# ##...##
#.#@# ##'## #.###.#.#
#.# #.......# #.#
#####.### ##.## #.#
##...## #.# ###
#.....# #.#
##.####...#####
#.#####...####.......
#...............#####


You could see a frilled lizard (sleeping).

Vanquished Creatures
  A rat (D:1)
1 creature vanquished.

Notes
Turn   | Place    | Note
-------+----------+-------------------------------------------
     0 | D:1      | Duffy the Octopode Fire Elementalist began the quest for
                  | the Orb.
     0 | D:1      | Reached XP level 1. HP: 11/11 MP: 3/3
   102 | D:1      | Quit the game

Vault maps used:
D:1:      scummos_arrival_hexagon

Action                   || total
-------------------------++-------
 Cast: Flame Tongue      ||     1

Table legend:
 A = Non-vault XP
 B = Vault XP
 C = Vault XP percentage of total XP
 D = Non-vault monster count
 E = Vault monster count
 F = Vault count percentage of total count
                 A         B        C        D         E       F
            +---------+---------+-------+---------+---------+-------
      Total |       1 |       0 |   0.0 |       1 |       0 |   0.0
            +---------+---------+-------+---------+---------+-------
        D:1 |       1 |       0 |   0.0 |       1 |       0 |   0.0
            +---------+---------+-------+---------+---------+-------
